 Dungeon Crawl Stone Soup version 0.31-a0-182-gc5ef74bbde (webtiles) character file.

Game seed: 11591159812406062068

816 qw the Chopper (level 7, -6/43 HPs)
             Began as a Gargoyle Fighter on June 20, 2023.
             Killed by an exploding butterfly (16 damage)
             ... ignited by their inner flame
             ... on level 4 of the Dungeon.
             The game lasted 00:01:32 (3067 turns).

qw the Chopper (Gargoyle Fighter)                   Turns: 3067, Time: 00:01:33

Health: -6/43      AC: 18    Str: 22    XL:     7   Next: 94%
Magic:  7/7        EV: 11    Int:  8    God:
Gold:   194        SH:  4    Dex:  9    Spells: 6/6 levels left

rFire   . . .        Y - +1 war axe
rCold   . . .        c - +0 buckler
rNeg    + . .        a - +0 plate armour
rPois   inf          m - +0 helmet
rElec   +            (no cloak)
rCorr   .            p - +0 pair of gloves
SInv    .            (no boots)
Will    .....        (no amulet) Stlth
                     e - +5 ring of evasion
HPRegen 0.27/turn    (no ring)
MPRegen 0.10/turn

%: no passive effects
@: no status effects
A: sickness immunity, AC +4, negative energy resistance 1, electricity
resistance, torment resistance 1, petrification resistance
a: no special abilities


You were on level 4 of the Dungeon.
You visited 1 branch of the dungeon, and saw 4 of its levels.

You collected 194 gold pieces.


Innate Abilities, Weirdness & Mutations

You are immune to sickness and miasma.
Your stone body is resilient. (AC +4)
You are immune to poison.
You resist negative energy. (rN+)
You are resistant to electric shocks. (rElec)
You are resistant to unholy torment.
You are immune to petrification.


   Skills:
 + Level 4.1 Fighting
 - Level 7.5 Axes
 - Level 4.0 Armour
 - Level 3.2 Shields


You had 6 spell levels left.
You didn't know any spells.
Your spell library was empty.

Inventory:

Hand Weapons
 n - a +0 flail
 Y - a +1 war axe (weapon)
Missiles
 o - 3 boomerangs (quivered)
Armour
 a - a +0 plate armour (worn)
 c - a +0 buckler (worn)
 m - a +0 helmet (worn)
 p - a +0 pair of gloves (worn)
Jewellery
 e - a +5 ring of evasion (left hand)
Scrolls
 i - a scroll of identify
Potions
 d - a potion of might
 f - a potion of magic
 g - a potion of curing
 h - a potion of lignification {unknown}
 j - a potion of ambrosia {unknown}
 k - a potion of heal wounds {unknown}
 l - a potion of resistance

Dungeon Overview and Level Annotations

Branches:
Dungeon (4/15)
 Temple: D:4-7

Altars:
Elyvilon
Ru
Trog
Yredelemnul

Shops:
D:4 :


Message History

Your butterfly disappears in a burst of colours!
The fiery explosion engulfs your butterfly!!
Your butterfly disappears in a burst of colours!
Your butterfly explodes!
The fiery explosion engulfs your butterfly!!
Your butterfly disappears in a burst of colours!
The fiery explosion engulfs your butterfly!
Your butterfly disappears in a burst of colours!
Your butterfly explodes!
The fiery explosion engulfs your butterfly!!
Your butterfly disappears in a burst of colours!
The fiery explosion engulfs your butterfly!!
Your butterfly disappears in a burst of colours!
Your butterfly explodes! x2
The fiery explosion engulfs your butterfly!!
Your butterfly disappears in a burst of colours!
Your butterfly explodes!
The fiery explosion engulfs your butterfly!!!
Your butterfly disappears in a burst of colours!
Your butterfly explodes!
The fiery explosion engulfs your butterfly!!
Your butterfly disappears in a burst of colours!
The fiery explosion engulfs you!
Your butterfly explodes!
The fiery explosion engulfs your butterfly!!
Your butterfly disappears in a burst of colours!
The fiery explosion engulfs you!
The fiery explosion engulfs your butterfly!!
Your butterfly disappears in a burst of colours!
Your butterfly explodes!
The fiery explosion engulfs you!!
Your butterfly explodes!
The fiery explosion engulfs your butterfly!!
Your butterfly disappears in a burst of colours!
Your butterfly explodes!
The fiery explosion engulfs your butterfly!!
Your butterfly disappears in a burst of colours!
Your butterfly explodes! x3
The fiery explosion engulfs you!
You die...

.##.##............# #.# ####...
.##.###......¤#########.###......
.##.# ###.....¤¤¤¤¤¤........#...#
.##.# #.....¤¤¤¤¤####.#####.###
.#..# #.#....¤¤¤¤#.......#..#
...## #.#....¤¤¤¤#.........##
..## #.######¤¤¤#.......### ..#
##¤######¤¤¤#.......# ..#
##.¤¤¤¤¤¤¤@¤¤#.......# ###
#..¤¤#####¤¤¤#.......# ######
#¤¤¤#.......# #¤¤¤#.......#
#####.......# #########


There were no monsters in sight!

Vanquished Creatures
  Grinder (D:4)
  A black bear (D:4)
  4 wights (D:4)
  2 orc priests
  Natasha (thrice) (D:3)
  Terence (D:2)
  A sleepcap (D:4)
  3 gnolls (D:4)
  An adder (D:2)
  2 worms (D:2)
  3 dart slugs
  7 orcs
  8 bats
  8 endoplasms
  5 giant cockroaches
  7 hobgoblins
  2 jackals (D:1)
  4 quokkas
  7 ball pythons
  3 frilled lizards
  3 goblins
  8 kobolds
  5 rats
89 creatures vanquished.

Notes
Turn   | Place    | Note
-------+----------+-------------------------------------------
     0 | D:1      | qw the Gargoyle Fighter began the quest for the Orb.
     0 | D:1      | Reached XP level 1. HP: 14/14 MP: 1/1
     0 | D:1      | 0 ||| qw: Version: 0.3-a-9-g12657ce
     0 | D:1      | 0 ||| qw: Game counter: 1269
     0 | D:1      | 0 ||| qw: Always use a shield: true
     0 | D:1      | 0 ||| qw: God list: Okawaru
     0 | D:1      | 0 ||| qw: Allow faded altars: false
     0 | D:1      | 0 ||| qw: Do Orc after D:15 true
     0 | D:1      | 0 ||| qw: Do second Lair branch before Depths: true
     0 | D:1      | 0 ||| qw: Lair rune preference: random
     0 | D:1      | 0 ||| qw: Plans: Normal, Zot:1-4, Slime:5, God:TSO, Crypt,
                  | Tomb, Abyss, Pan, Hells, Win
     0 | D:1      | 0 ||| PLANNING D:1-11
    13 | D:1      | Reached skill level 2 in Axes
    43 | D:1      | 43 ||| Stepping ~*~*~tactically~*~*~ (stealth).
    49 | D:1      | Reached XP level 2. HP: 15/19 MP: 2/2
    63 | D:1      | You fall into a shaft and drop 1 floor!
    80 | D:2      | 80 ||| READING scroll labelled GIDAPSENTOM.
    81 | D:2      | 81 ||| READING scroll labelled IGIXAN ONKIU.
    84 | D:2      | 84 ||| Stepping ~*~*~tactically~*~*~ (stealth).
   100 | D:2      | 100 ||| Stepping ~*~*~tactically~*~*~ (hiding).
   101 | D:2      | 101 ||| Stepping ~*~*~tactically~*~*~ (hiding).
   172 | D:1      | Reached skill level 3 in Axes
   192 | D:1      | 192 ||| DROPPING +0 club.
   231 | D:1      | 231 ||| Stepping ~*~*~tactically~*~*~ (stealth).
   238 | D:1      | Reached XP level 3. HP: 19/23 MP: 3/3
   615 | D:1      | 615 ||| UPGRADING to +5 ring of evasion.
   616 | D:1      | 616 ||| DROPPING ring of flight.
   617 | D:1      | 617 ||| READING scroll labelled LOEPIT LAOC.
   618 | D:1      | 618 ||| READING scroll labelled TUS FY XEU.
   619 | D:1      | 619 ||| READING scroll labelled CISSAN CUERALANE.
   620 | D:1      | 620 ||| READING 4 scrolls labelled DITISCH MASEAKIEF.
   621 | D:1      | 621 ||| READING scroll labelled ILOOTUGISCH.
   622 | D:1      | 622 ||| READING 3 scrolls of identify.
   622 | D:1      | 622 ||| IDENTIFYING metallic brown potion
   636 | D:2      | 636 ||| Stepping ~*~*~tactically~*~*~ (stealth).
   711 | D:2      | 711 ||| Stepping ~*~*~tactically~*~*~ (stealth).
   712 | D:2      | Noticed Terence
   721 | D:2      | Killed Terence
   722 | D:2      | Reached skill level 4 in Axes
   722 | D:2      | Reached XP level 4. HP: 28/28 MP: 4/4
  1382 | D:2      | 1382 ||| UPGRADING to +0 plate armour.
  1392 | D:2      | 1392 ||| DROPPING +0 scale mail.
  1393 | D:2      | 1393 ||| UPGRADING to +0 helmet.
  1398 | D:2      | 1398 ||| READING 3 scrolls of identify.
  1398 | D:2      | 1398 ||| IDENTIFYING yellow potion
  1399 | D:2      | 1399 ||| READING 2 scrolls of identify.
  1399 | D:2      | 1399 ||| IDENTIFYING fuming pink potion
  1417 | D:3      | Noticed Natasha
  1424 | D:3      | Killed Natasha
  1425 | D:3      | Reached XP level 5. HP: 32/32 MP: 5/5
  1567 | D:3      | 1567 ||| DROPPING +0 mace.
  1587 | D:3      | 1587 ||| Stepping ~*~*~tactically~*~*~ (hiding).
  1588 | D:3      | 1588 ||| Stepping ~*~*~tactically~*~*~ (hiding).
  1589 | D:3      | 1589 ||| Stepping ~*~*~tactically~*~*~ (hiding).
  1590 | D:3      | 1590 ||| Stepping ~*~*~tactically~*~*~ (hiding).
  1599 | D:3      | Reached skill level 5 in Axes
  1694 | D:3      | Noticed Natasha
  1703 | D:3      | Killed Natasha
  1746 | D:3      | Found a basalt altar of Yredelemnul.
  1752 | D:3      | Found a sacrificial altar of Ru.
  1857 | D:3      | Noticed Natasha
  1858 | D:3      | 1858 ||| Stepping ~*~*~tactically~*~*~ (stealth).
  1859 | D:3      | 1859 ||| Stepping ~*~*~tactically~*~*~ (stealth).
  1982 | D:3      | Found a bloodstained altar of Trog.
  2042 | D:3      | Killed Natasha
  2290 | D:3      | 2290 ||| UPGRADING to +0 pair of gloves.
  2295 | D:3      | 2295 ||| READING scroll labelled MIYRIT PAR.
  2348 | D:4      | Found a white marble altar of Elyvilon.
  2390 | D:4      | Reached XP level 6. HP: 38/38 MP: 6/6
  2395 | D:4      | 2395 ||| Stepping ~*~*~tactically~*~*~ (hiding).
  2419 | D:4      | Reached skill level 6 in Axes
  2422 | D:4      | Reached XP level 7. HP: 40/43 MP: 7/7
  2454 | D:4      | 2454 ||| Stepping ~*~*~tactically~*~*~ (stealth).
  2456 | D:4      | 2456 ||| Stepping ~*~*~tactically~*~*~ (hiding).
  2596 | D:4      | 2596 ||| Stepping ~*~*~tactically~*~*~ (stealth).
  2672 | D:4      | Noticed Grinder
  2674 | D:4      | 2674 ||| Stepping ~*~*~tactically~*~*~ (hiding).
  2694 | D:4      | Killed Grinder
  2695 | D:4      | Reached skill level 7 in Axes
  2937 | D:4      | Found Lyas's Book Emporium.
  3062 | D:4      | 3062 ||| DROPPING orb of mayhem.
  3063 | D:4      | 3063 ||| READING scroll labelled WAXUAXOCRE.
  3064 | D:4      | 3064 ||| READING scroll labelled PYOPHE XETZICE.
  3065 | D:4      | 3065 ||| READING scroll labelled ELAMEA PYMA.
  3066 | D:4      | 3066 ||| READING scroll labelled DAORAXTILEQ.
  3067 | D:4      | 3067 ||| READING scroll labelled AFRUCV OMPUKY.
  3067 | D:4      | HP: 10/43 [spore (18)]
  3067 | D:4      | Killed by an exploding butterfly... ignited by their inner
                  | flame

Levels and vault maps discovered:
D:1:      dpeg_arrival_connections, layout_rooms, minmay_tromino_i2
D:2:      layout_basic, minmay_tiny_reverse_x, uniq_terence
D:3:      layout_loops_corners, mainiacjoe_overflow_alcove_4,
          chequers_temple_overflow_statue_of_worship,
          nicolae_elevator_lobby_plus, uniq_natasha
D:4:      layout_rooms, elyvilon_altar_5, serial_shops,
          nicolae_shop_rolling_square, uniq_grinder

Skill      XL: |  1  2  3  4  5  6  7 |
---------------+----------------------+-----
Axes           | 2 3 4 5 6 7 |  7.5
Fighting       | 4 |  4.1
Armour         | 4 |  4.0
Shields        | |  3.2

Action                     |  1- 3 |  4- 6 |  7- 9 || total
---------------------------+-------+-------+-------++-------
  Melee: War axe           |    91 |    97 |    52 ||   240
  Throw: Boomerang         |       |     5 |     6 ||    11
    Use: Scroll            |     8 |     3 |     5 ||    16
 Armour: Scale mail        |    47 |     8 |       ||    55
         Plate armour      |       |    32 |    38 ||    70
  Dodge: Dodged            |    48 |    62 |    32 ||   142
  Block: Buckler           |    15 |    19 |     8 ||    42

Table legend:
 A = Non-vault XP
 B = Vault XP
 C = Vault XP percentage of total XP
 D = Non-vault monster count
 E = Vault monster count
 F = Vault count percentage of total count
                 A         B        C        D         E       F
            +---------+---------+-------+---------+---------+-------
      Total |     806 |     361 |  30.9 |      84 |       5 |   5.6
            +---------+---------+-------+---------+---------+-------
        D:1 |      46 |       0 |   0.0 |      25 |       0 |   0.0
        D:2 |      48 |      39 |  44.8 |      20 |       3 |  13.0
        D:3 |     135 |      36 |  21.1 |      12 |       1 |   7.7
        D:4 |     577 |     286 |  33.1 |      27 |       1 |   3.6
            +---------+---------+-------+---------+---------+-------
